 Dungeon Crawl Stone Soup version 0.21.1-1-g345015fe64 (webtiles) character file.

115 Ivernyr the Charmwright (level 4, 0/34 HPs)
             Began as a Demonspawn Skald on Apr 29, 2018.
             Slain by an orc wizard
             ... wielding a +0 dagger
              (1 damage)
             ... on level 3 of the Dungeon.
             The game lasted 00:06:44 (2888 turns).

Ivernyr the Charmwright (Demonspawn Skald)          Turns: 2888, Time: 00:06:45

Health: 0/34       AC:  3    Str:  7 (8)  XL:     4   Next: 68%
Magic:  1/7        EV: 11    Int: 12 (15) God:
Gold:   128        SH:  0    Dex: 12 (13) Spells: 2/7 levels left

rFire    . . .     SeeInvis .   a - +0 falchion
rCold    + . .     Gourm    .   (no shield)
rNeg     . . .     Faith    .   b - +0 leather armour
rPois    .         Spirit   .   (no helmet)
rElec    .         Reflect  .   (no cloak)
rCorr    .         Harm     .   (no gloves)
MR       .....                  (no boots)
Stlth    ++........             (no amulet)
HPRegen  0.11/turn              o - -3 ring of strength (curse)
MPRegen  0.10/turn              q - ring of stealth

@: shrouded, singing (expiring)
A: cold resistance 1, powered by death 1
a: no special abilities


You were on level 3 of the Dungeon.
You were hungry.

You visited 1 branch of the dungeon, and saw 4 of its levels.

You collected 128 gold pieces.

Inventory:

Hand Weapons
 a - a +0 falchion (weapon)
Armour
 b - a +0 leather armour (worn)
Jewellery
 o - a cursed -3 ring of strength (left hand)
 q - a ring of stealth (right hand)
Scrolls
 e - 2 scrolls of identify {unknown}
 f - 2 scrolls of amnesia {unknown}
 j - 2 scrolls of teleportation {unknown}
 k - a scroll of noise {unknown}
 m - a scroll of enchant weapon {unknown}
 n - a scroll of magic mapping {unknown}
Potions
 h - a potion of curing
 i - 2 potions of brilliance
Books
 c - a book of Battle

   Spells                             Type                      Level
   a - Infusion                       Charms                       1
   b - Shroud of Golubria             Charms/Translocation         2
   c - Song of Slaying                Charms                       2
   d - Spectral Weapon                Hexes/Charms                 3
   e - Regeneration                   Charms/Necromancy            3
Comestibles
 d - 5 rations


   Skills:
 + Level 2.8 Fighting
 + Level 2.5 Long Blades
 * Level 2.6 Armour
 - Level 1.7 Dodging
 - Level 2.0 Spellcasting
 + Level 3.2 Charms


You had 2 spell levels left.
You knew the following spells:

 Your Spells              Type           Power        Failure   Level  Hunger
a - Shroud of Golubria    Chrm/Tloc      #.........   30%         2    ###....
b - Song of Slaying       Chrm           #.......     16%         2    ###....
c - Infusion              Chrm           #...         11%         1    ##.....


Dungeon Overview and Level Annotations

Branches:
Dungeon (4/15)
 Temple: D:4-7

Altars:
Sif Muna


Innate Abilities, Weirdness & Mutations

Your flesh is cold resistant. (rC+)
You regenerate a little health from kills.


Message History

You hit the orc wizard.
The orc wizard is moderately wounded.
The orc wizard casts a spell at you. The magic dart hits you!
* * * LOW HITPOINT WARNING * * *
Casting: Shroud of Golubria
Confirm with . or Enter, or press ? or * to list all spells.
Space distorts slightly along a thin shroud covering your body.
Your shroud bends the orc wizard's attack away.
You hit the orc wizard but do no damage.
The orc wizard is moderately wounded.
The orc wizard points at you and mumbles some strange words.
The magic dart hits you!
* * * LOW HITPOINT WARNING * * *
It was a potion of degeneration.
There was something very wrong with that liquid.
You feel weakened.
You feel dopey.
You feel clumsy.
Your song is almost over.
The orc wizard hits you with a dagger.
You die...

..# #.# #.# #.#######.###
#.# #.#.........# #.#
#.#.#####.#.# #.#
#.#.#.....#.# #.#
#.#.#.#####.# #.#
#.#.#.......# #.#
#.#.############## #.#
...............o@# #.#####
#.#.##.##############.....#
#.#....#<.............)...#
#.#########################
#.........................#
#########################.#
########.........# #.#
.......#.#######.# #.#
.......#.#..<..#.# #.#


You could see an orc wizard.

Vanquished Creatures
  An orc wizard (D:3)
  2 adders
  A shadow imp (D:3)
  An ooze (D:1)
  A worm (D:2)
  A dart slug (D:1)
  3 leopard geckos
  7 orcs (D:3)
  4 bats
  2 giant cockroaches (D:1)
  4 goblins
  3 hobgoblins
  4 kobolds
  A quokka (D:3)
  5 frilled lizards
  8 rats
48 creatures vanquished.

Notes
Turn   | Place    | Note
-------+----------+-------------------------------------------
     0 | D:1      | Ivernyr the Demonspawn Skald began the quest for the Orb.
     0 | D:1      | Reached XP level 1. HP: 16/16 MP: 3/3
     7 | D:1      | Reached skill level 1 in Armour
   134 | D:1      | Gained mutation: You regenerate a little health from kills. [demonic ancestry]
   134 | D:1      | Reached XP level 2. HP: 18/22 MP: 5/5
   865 | D:2      | Learned a level 2 spell: Song of Slaying
   868 | D:2      | Learned a level 2 spell: Shroud of Golubria
  1048 | D:2      | Reached XP level 3. HP: 17/28 MP: 3/6
  1182 | D:2      | Reached skill level 3 in Charms
  1252 | D:2      | Found a deep blue altar of Sif Muna.
  1811 | D:3      | Gained mutation: Your flesh is cold resistant. (rC+) [demonic ancestry]
  1811 | D:3      | Reached XP level 4. HP: 32/34 MP: 1/7
  2887 | D:3      | HP: 1/34 [orc wizard/magic dart (8)]
  2888 | D:3      | Slain by an orc wizard

Skill      XL: |  1  2  3 |
---------------+----------+-----
Armour         | 1 2 |  2.6
Long Blades    | 2 |  2.5
Charms         | 3 |  3.2
Fighting       | |  2.8
Dodging        | |  1.7
Spellcasting   | |  2.0

Action                   |  1- 3 |  4- 6 || total
-------------------------+-------+-------++-------
Melee: Falchion          |    97 |    77 ||   174
 Cast: Shroud of Golubri |     6 |     6 ||    12
       Song of Slaying   |     1 |     2 ||     3
  Use: Potion            |       |     5 ||     5
  Eat: Chunk             |     3 |     4 ||     7
Armor: Leather armour    |    18 |    13 ||    31
       Skin              |       |    18 ||    18
Dodge: Dodged            |    66 |    32 ||    98
       Rpst.: Falchion   |    24 |    10 ||    34
